 Dungeon Crawl Stone Soup version 0.24.0-7-gb3623d2c88 (webtiles) character file.

Game seed: 10459155888893470879, levelgen mode: deterministic

124 MTVSty1e the Chopper (level 4, -2/40 HPs)
             Began as a Minotaur Monk on Nov 2, 2019.
             Slain by an orc wizard
             ... wielding a +0 dagger
              (4 damage)
             ... on level 3 of the Dungeon.
             The game lasted 00:02:38 (1885 turns).

MTVSty1e the Chopper (Minotaur Monk)                Turns: 1885, Time: 00:02:39

Health: -2/40      AC:  5    Str: 16    XL:     4   Next: 81%
Magic:  3/3        EV: 12    Int:  7    God:
Gold:   142        SH:  0    Dex: 13    Spells: 3/3 levels left

rFire    . . .     SeeInvis .   a - +0 hand axe
rCold    . . .     Gourm    .   (no shield)
rNeg     . . .     Faith    .   d - +0 ring mail
rPois    .         Spirit   .   (helmet restricted)
rElec    .         Reflect  .   (no cloak)
rCorr    .         Harm     .   (no gloves)
MR       .....                  (no boots)
Stlth    +.........             (no amulet)
HPRegen  0.13/turn              (no ring)
MPRegen  0.08/turn              (no ring)

@: hasted, very quick
A: retaliatory headbutt, horns 2
a: no special abilities


You were on level 3 of the Dungeon.
You were not hungry.

You visited 1 branch of the dungeon, and saw 3 of its levels.

You collected 142 gold pieces.

Inventory:

Hand Weapons
 a - a +0 hand axe (weapon)
Armour
 b - a +1 robe
 d - a +0 ring mail (worn)
Scrolls
 e - a scroll of identify
Potions
 g - a potion of resistance
Comestibles
 c - 7 rations


   Skills:
 - Level 3.8 Fighting
 * Level 6.5 Axes
 - Level 3.4 Dodging
 - Level 1.6 Stealth


You had 3 spell levels left.
You didn't know any spells.
Your spell library was empty.

Dungeon Overview and Level Annotations

Branches:
Dungeon (3/15)

Altars:
The Shining One


Innate Abilities, Weirdness & Mutations

You reflexively headbutt those who attack you in melee.
You have a pair of horns on your head.


Message History

The orc barely misses you. You furiously retaliate!
You headbutt the orc. The worm bites you!
You barely miss the worm. You headbutt the worm.
You kill the worm!
You miss something. You closely miss the orc. Something barely misses you.
The orc hits you with a +0 morningstar!
* * * LOW HITPOINT WARNING * * *
You see here a worm corpse.
You hit the orc.
You kill the orc!
You hit something.
You hear the rusting of a drain nearby.
You barely miss something. Something hits you but does no damage.
You closely miss something. You hit something but do no damage.
You hear some strange, mumbled words.
A magic dart appears from out of thin air!
The magic dart hits you.
* * * LOW HITPOINT WARNING * * *
Something hits you.
You die...

#. .# .# +# ##
#.##### ... ..#
##....# #....
..###.#.#.##.....
...#....#{#......
#.....{@'......
##....#.#.......
#.(###.#.#.##......
#..........# #....
#.####.#.### #...
#........# #'#
######)### #.# #.#
####.#### #.#
##.......#


There were no monsters in sight!

Vanquished Creatures
  A crimson imp (D:2)
  An adder (D:2)
  2 worms (D:3)
  2 dart slugs
  A leopard gecko (D:2)
  An orc (D:3)
  5 giant cockroaches
  15 goblins
  11 hobgoblins
  A ball python (D:2)
  3 bats (D:1)
  4 frilled lizards
  10 kobolds
  7 rats
64 creatures vanquished.

Notes
Turn   | Place    | Note
-------+----------+-------------------------------------------
     0 | D:1      | MTVSty1e the Minotaur Monk began the quest for the Orb.
     0 | D:1      | Reached XP level 1. HP: 19/19 MP: 0/0
    95 | D:1      | Reached skill level 4 in Axes
   104 | D:1      | Reached XP level 2. HP: 20/27 MP: 1/1
   644 | D:1      | Reached XP level 3. HP: 31/33 MP: 2/2
   925 | D:2      | Reached skill level 5 in Axes
   965 | D:2      | Found a glowing golden altar of the Shining One.
  1466 | D:2      | Reached skill level 6 in Axes
  1466 | D:2      | Reached XP level 4. HP: 34/40 MP: 3/3
  1885 | D:3      | HP: 2/40 [something/magic dart (5)]
  1885 | D:3      | Slain by an orc wizard

Levels and vault maps discovered:
D:1:      dpeg_arrival_erosion, layout_basic
D:2:      layout_basic, tso_altar
D:3:      layout_loops_corners, nicolae_overflow_hidden_temple, first_ration,
          cheibrodos_sewer_entry_bend, uniq_jessica

Skill      XL: |  1  2  3 |
---------------+----------+-----
Axes           | 4 6 |  6.5
Fighting       | |  3.8
Dodging        | |  3.4
Stealth        | |  1.6

Action                   |  1- 3 |  4- 6 || total
-------------------------+-------+-------++-------
Melee: Hand axe          |   137 |    29 ||   166
       Headbutt          |    18 |     5 ||    23
  Use: Potion            |     1 |     1 ||     2
       Scroll            |       |     4 ||     4
 Stab: Sleeping          |     3 |       ||     3
  Eat: Ration            |     1 |       ||     1
Armor: Robe              |    18 |     2 ||    20
       Skin              |    13 |       ||    13
       Ring mail         |       |     4 ||     4
Dodge: Dodged            |    83 |    16 ||    99
